 Dungeon Crawl Stone Soup version 0.23-a0-837-ga3e6480 (console) character file.

72 bli the Poker (level 4, -3/37 HPs)
             Began as a Merfolk Monk on Jan 24, 2019.
             Hit by a stone thrown by a gnoll (4 damage)
             ... on level 2 of the Dungeon.
             The game lasted 00:06:05 (1328 turns).

bli the Poker (Merfolk Monk)                        Turns: 1328, Time: 00:06:06

Health: -3/37      AC:  3    Str: 11    XL:     4   Next: 26%
Magic:  4/4        EV: 14    Int:  9    God:
Gold:   67         SH:  0    Dex: 17    Spells: 3/3 levels left

rFire    . . .     SeeInvis .   a - +0 spear
rCold    . . .     Gourm    .   (no shield)
rNeg     . . .     Faith    .   b - +0 robe
rPois    .         Spirit   .   (no helmet)
rElec    .         Reflect  .   (no cloak)
rCorr    .         Harm     .   w - +0 pair of gloves
MR       .....                  (no boots)
Stlth    ++........             (no amulet)
HPRegen  0.12/turn              (no ring)
MPRegen  0.09/turn              (no ring)

@: no status effects
A: change form in water, swift swim, stealthy swim
a: no special abilities


You were on level 2 of the Dungeon.
You were not hungry.

You visited 1 branch of the dungeon, and saw 2 of its levels.

You collected 67 gold pieces.

Inventory:

Hand Weapons
 a - a +0 spear (weapon)
 e - a +0 hunting sling
 v - a cursed -2 dagger
Missiles
 g - 25 sling bullets
 h - 76 stones (quivered)
 o - 17 poisoned needles
Armour
 b - a +0 robe (worn)
 j - a +0 leather armour
 m - a +0 ring mail
 s - a +0 scale mail
 w - a +0 pair of gloves (worn)
Scrolls
 d - 2 scrolls of teleportation {unknown}
 i - 2 scrolls of identify {unknown}
 k - a scroll of enchant weapon {unknown}
 l - a scroll of blinking {unknown}
 n - 2 scrolls of enchant armour {unknown}
 p - 3 scrolls of fog {unknown}
 q - a scroll of noise {unknown}
 r - 2 scrolls of remove curse {unknown}
Potions
 t - a potion of mutation {unknown}
 u - 2 potions of flight {unknown}
Comestibles
 c - 3 rations
 f - 5 chunks of flesh


   Skills:
 + Level 4.1 Fighting
 + Level 6.3 Polearms
 * Level 4.2 Dodging
 - Level 2.1 Stealth


You had 3 spell levels left.
You didn't know any spells.
Your spell library was empty.

Dungeon Overview and Level Annotations

Branches:
Dungeon (2/15)

Altars:


Message History

The gnoll is lightly wounded.
The gnoll closely misses you. x2
You hit the gnoll.
The gnoll is heavily wounded.
The gnoll barely misses you.
You hit the gnoll.
The gnoll is severely wounded.
The gnoll hits you from afar with a +0 spear!
The gnoll hits you with a +0 spear.
You closely miss the gnoll.
The gnoll is severely wounded.
The gnoll hits you from afar with a +0 spear!
* * * LOW HITPOINT WARNING * * *
The gnoll hits you from afar with a +0 spear.
* * * LOW HITPOINT WARNING * * *
There is a stone staircase leading up here.
The gnoll hits you from afar with a +0 spear.
* * * LOW HITPOINT WARNING * * *
The gnoll throws a stone.
The stone hits you.
You die...

###...# #.....+........# #......
......# #.....#####....# ######.
.##.### #..............# #..
.##.# #..........##'## #.#
....#####...........#.# #.#
##.......#####......#.#########.#
#.....#.### #..................#
##.....#.......#+####.##########
.........# #####.........#
+#...###.###########.###.# .....#
##.....@......#.######## .....#
#.###...#......##.....# ...).#
#.gg.#.......#.###)#
.[...#########.g..#.....#.#.###..
#####(((.....g....'.....#.#.#.).#
#.........(.÷.##....#.#.#.#.#
#.............##....#÷#.#..<.
#..........÷).##....#.#.#####
#...........######'##.#......
#...........# #.##.#......
#...........# #....#.#####


You could see 4 gnolls.

Vanquished Creatures
  An ooze (D:1)
  3 dart slugs (D:1)
  A leopard gecko (D:1)
  2 ball pythons
  4 giant cockroaches
  10 hobgoblins
  2 kobolds
  9 bats
  6 frilled lizards
  11 goblins
  9 rats
58 creatures vanquished.

Notes
Turn   | Place    | Note
-------+----------+-------------------------------------------
     0 | D:1      | bli the Merfolk Monk began the quest for the Orb.
     0 | D:1      | Reached XP level 1. HP: 18/18 MP: 1/1
   106 | D:1      | Reached XP level 2. HP: 21/24 MP: 2/2
   131 | D:1      | Reached skill level 5 in Polearms
   302 | D:1      | Reached XP level 3. HP: 24/30 MP: 3/3
   641 | D:1      | Reached skill level 6 in Polearms
   881 | D:2      | Reached XP level 4. HP: 37/37 MP: 4/4
  1328 | D:2      | HP: 1/37 [gnoll/+0 spear (4)]
  1328 | D:2      | Hit by a stone thrown by a gnoll

Vault maps used:
D:1:      dpeg_arrival_subterranean_lakeside_camping
D:2:      first_ration, kennysheep_doodads

Skill      XL: |  1  2  3 |
---------------+----------+-----
Polearms       | 5 6 |  6.3
Fighting       | 4 |  4.1
Dodging        | |  4.2
Stealth        | |  2.1

Action                   |  1- 3 |  4- 6 || total
-------------------------+-------+-------++-------
Melee: Spear             |   157 |    62 ||   219
Throw: Stone             |       |     5 ||     5
 Stab: Sleeping          |     2 |       ||     2
  Eat: Chunk             |       |     2 ||     2
Armor: Robe              |    23 |     5 ||    28
Dodge: Dodged            |    97 |    25 ||   122

Table legend:
 A = Non-vault XP
 B = Vault XP
 C = Vault XP percentage of total XP
 D = Non-vault monster count
 E = Vault monster count
 F = Vault count percentage of total count
                 A         B        C        D         E       F
            +---------+---------+-------+---------+---------+-------
      Total |      95 |       9 |   8.7 |      52 |       6 |  10.3
            +---------+---------+-------+---------+---------+-------
        D:1 |      66 |       9 |  12.0 |      34 |       6 |  15.0
        D:2 |      29 |       0 |   0.0 |      18 |       0 |   0.0
            +---------+---------+-------+---------+---------+-------
